 Dungeon Crawl Stone Soup version 0.27.1-4-g1640c2035a (webtiles) character file.

Game seed: 12004347267099426082

699 zeram the Sneak (level 7, -3/51 HPs)
             Began as a Gnoll Enchanter on Nov 17, 2021.
             Killed from afar by a gargoyle (21 damage)
             ... with a stone arrow
             ... on level 5 of the Dungeon.
             The game lasted 00:11:51 (6485 turns).

zeram the Sneak (Gnoll Enchanter)                   Turns: 6485, Time: 00:11:51

Health: -3/51      AC:  3    Str:  8    XL:     7   Next: 65%
Magic:  15/15      EV: 13    Int: 16    God:
Gold:   251        SH:  0    Dex: 12    Spells: 8/17 levels left

rFire    . . .     SeeInvis .   c - +3 dagger (venom)
rCold    . . .     Faith    .   (no shield)
rNeg     . . .     Spirit   .   b - +1 robe
rPois    .         Reflect  .   (no helmet)
rElec    .         Harm     .   (no cloak)
rCorr    .         Rampage  .   (no gloves)
Will     .....                  (no boots)
Stlth    +++.......             (no amulet)
HPRegen  0.17/turn              (no ring)
MPRegen  0.14/turn              (no ring)

@: no status effects
A: fangs 1, strong nose, distributed training
a: no special abilities


You were on level 5 of the Dungeon.
You visited 1 branch of the dungeon, and saw 5 of its levels.

You collected 251 gold pieces.

Inventory:

Hand Weapons
 a - a +1 dagger
 c - a +3 dagger of venom (weapon)
Missiles
 k - 5 throwing nets
Armour
 b - a +1 robe (worn)
Wands
 n - a wand of flame (19)
Scrolls
 e - a scroll of fog
 f - 3 scrolls of teleportation
 g - a scroll of torment
 i - a scroll of magic mapping
 m - a scroll of enchant armour
Potions
 d - a potion of ambrosia {unknown}
 h - a potion of flight
 j - a potion of mutation {unknown}
 l - a potion of curing {unknown}
 o - a potion of degeneration {unknown}
 p - a potion of berserk rage {unknown}


   Skills:
 + Level 2.6 Fighting
 + Level 3.7 Short Blades
 + Level 2.6 Long Blades
 + Level 2.6 Axes
 + Level 2.6 Maces & Flails
 + Level 2.6 Polearms
 + Level 2.6 Staves
 + Level 2.6 Slings
 + Level 2.6 Bows
 + Level 2.6 Crossbows
 + Level 2.6 Throwing
 + Level 2.6 Armour
 + Level 5.3 Dodging
 + Level 6.5 Stealth
 + Level 2.6 Shields
 + Level 2.6 Unarmed Combat
 + Level 5.7 Spellcasting
 + Level 2.1 Conjurations
 + Level 5.9 Hexes
 + Level 2.1 Summonings
 + Level 2.1 Necromancy
 + Level 2.1 Translocations
 + Level 2.1 Transmutations
 + Level 2.1 Fire Magic
 + Level 2.1 Ice Magic
 + Level 2.1 Air Magic
 + Level 2.1 Earth Magic
 + Level 2.1 Poison Magic
 + Level 2.9 Invocations
 + Level 2.6 Evocations


You had 8 spell levels left.
You knew the following spells:

 Your Spells              Type           Power      Damage    Failure   Level
a - Corona                Hex            25%        N/A       1%          1
b - Ensorcelled Hibernat  Hex/Ice        34%        N/A       4%          2
c - Tukima's Dance        Hex            23%        N/A       3%          3
d - Confusing Touch       Hex            23%        N/A       3%          3

Your spell library contained the following spells:

 Spells                   Type           Power      Damage    Failure   Level
 Apportation              Tloc           22%        N/A       6%          1
 Blink                    Tloc           N/A        N/A       9%          2
 Dazzling Flash           Conj/Hex       34%        N/A       9%          3
 Alistair's Intoxication  Tmut/Pois      7%         N/A       86%         5
 Manifold Assault         Tloc           11%        N/A       86%         5
 Invisibility             Hex            11%        N/A       88%         6
 Storm Form               Tmut/Air       5%         N/A       100%        7


Dungeon Overview and Level Annotations

Branches:
Dungeon (5/15)
 Temple: D:4-7

Altars:


Innate Abilities, Weirdness & Mutations

You have very sharp teeth.
Your uncanny sense of smell can sniff out nearby items.
Your experience applies equally to all skills.


Message History

You kill the worm!
Magic restored.
You see here a worm corpse.
Found 5 gold pieces.
Found a robe.
Found a dagger.
You now have 251 gold pieces (gained 5).
A scorpion comes into view.
A scorpion is nearby!
A scorpion is nearby!
A scorpion is nearby!
Found a book of Party Tricks.
Casting: Ensorcelled Hibernation (safe; 4% risk of failure)
Confirm with . or Enter, or press ? or * to list all spells.
Aiming: Ensorcelled Hibernation (safe; 4% risk of failure)
Press: ? - help, Shift-Dir - straight line, f - scorpion
Aim: a scorpion (chance to affect: 48%)
The scorpion looks drowsy...
The helpless scorpion fails to defend itself.
You impale the scorpion!!
You kill the scorpion!
You see here a scorpion corpse.
Found a red potion.
You pick up a book of Party Tricks and begin reading...
You add the spells Apportation, Alistair's Intoxication and Invisibility to your library.
A gargoyle comes into view. It is wielding a +0 flail.
A gargoyle is nearby!
A gargoyle is nearby!
The gargoyle hits you with a +0 flail!!
You hit the gargoyle but do no damage. The gargoyle barely misses you.
You hit the gargoyle but do no damage. Your bite misses the gargoyle.
The gargoyle hits you with a +0 flail!
You are too injured to fight recklessly!
Casting: Ensorcelled Hibernation (safe; 4% risk of failure)
Confirm with . or Enter, or press ? or * to list all spells.
You can't see any susceptible monsters within range! (Use Z to cast anyway.) Unknown command.
The gargoyle hurls a stone arrow at you.
The stone arrow hits you!!
You die...

#.# . #.#########
### #.....)..## ..
#..#####.## #.
#..##......
#.########.†...##.#.
#.9.#.......#####.#.
#......#.#.#####.#
#.#.
.#.##.##@#.#####...
..#.
#.........##.###
##.. ####.#.##.##.#
.. #.#.# ##.# [. ∆
..#.. ... .######.
## . .! #. ### .. ..
#. #.. ... ... #.
#.# ..


You could see a gargoyle.

Vanquished Creatures
  A phantom (D:4)
  2 scorpions
  A gnoll shaman (D:4)
  An orc priest (D:4)
  A centaur skeleton (D:4)
  2 iguanas
  2 orc wizards (D:4)
  12 gnolls
  6 adders
  A howler monkey skeleton (D:4)
  2 worms
  A dart slug (D:3)
  11 orcs
  5 ball pythons
  10 endoplasms
  2 giant cockroaches
  9 goblins
  8 hobgoblins
  11 jackals
  2 quokkas (D:3)
  2 bats (D:2)
  5 frilled lizards
  6 kobolds
  7 rats
110 creatures vanquished.

Vanquished Creatures (collateral kills)
  Terence (D:2)
1 creature vanquished.

Grand Total: 111 creatures vanquished

Notes
Turn   | Place    | Note
-------+----------+-------------------------------------------
     0 | D:1      | zeram the Gnoll Enchanter began the quest for the Orb.
     0 | D:1      | Reached XP level 1. HP: 13/13 MP: 6/6
   452 | D:1      | Reached XP level 2. HP: 19/19 MP: 7/7
  1153 | D:1      | Found a faded altar of an unknown god.
  1734 | D:2      | Reached XP level 3. HP: 25/25 MP: 9/9
  1744 | D:2      | Noticed Terence
  1773 | D:1      | Reached skill level 5 in Spellcasting
  2132 | D:2      | Reached skill level 6 in Stealth
  2287 | D:1      | Learned a level 2 spell: Ensorcelled Hibernation
  2291 | D:1      | Learned a level 3 spell: Confusing Touch
  2295 | D:1      | Learned a level 3 spell: Tukima's Dance
  2552 | D:2      | Killed Terence
  2553 | D:2      | Reached skill level 1 in Fighting
  2553 | D:2      | Reached skill level 1 in Long Blades
  2553 | D:2      | Reached skill level 1 in Axes
  2553 | D:2      | Reached skill level 1 in Maces & Flails
  2553 | D:2      | Reached skill level 1 in Polearms
  2553 | D:2      | Reached skill level 1 in Staves
  2553 | D:2      | Reached skill level 1 in Slings
  2553 | D:2      | Reached skill level 1 in Bows
  2553 | D:2      | Reached skill level 1 in Crossbows
  2553 | D:2      | Reached skill level 1 in Throwing
  2553 | D:2      | Reached skill level 1 in Armour
  2553 | D:2      | Reached skill level 1 in Shields
  2553 | D:2      | Reached skill level 1 in Unarmed Combat
  2553 | D:2      | Reached skill level 1 in Invocations
  2553 | D:2      | Reached skill level 1 in Evocations
  2553 | D:2      | Reached XP level 4. HP: 29/32 MP: 4/11
  2850 | D:2      | Reached skill level 1 in Conjurations
  2850 | D:2      | Reached skill level 1 in Summonings
  2850 | D:2      | Reached skill level 1 in Necromancy
  2850 | D:2      | Reached skill level 1 in Translocations
  2850 | D:2      | Reached skill level 1 in Transmutations
  2850 | D:2      | Reached skill level 1 in Fire Magic
  2850 | D:2      | Reached skill level 1 in Ice Magic
  2850 | D:2      | Reached skill level 1 in Air Magic
  2850 | D:2      | Reached skill level 1 in Earth Magic
  2850 | D:2      | Reached skill level 1 in Poison Magic
  3042 | D:2      | Reached XP level 5. HP: 30/37 MP: 12/12
  4192 | D:4      | Reached XP level 6. HP: 44/44 MP: 8/13
  4760 | D:4      | Reached skill level 5 in Dodging
  5489 | D:4      | Reached XP level 7. HP: 22/50 MP: 15/15
  6266 | D:5      | Entered Level 5 of the Dungeon
  6478 | D:5      | Noticed a gargoyle
  6485 | D:5      | Killed from afar by a gargoyle

Illustrated notes

Levels and vault maps discovered:
D:1:      dpeg_arrival_pond, layout_loops_ring, shapermc_ecumenical_altar_ellora
D:2:      layout_loops_cross, uniq_terence
D:3:      layout_rooms, chequers_serial_rivers_small_b,
          kennysheep_generic_room_3
D:4:      layout_loops_cross, grunt_ministairs_11,
          chequers_serial_rivers_large_a, minmay_crossroads
D:5:      layout_loops_cross, nicolae_overflow_hidden_temple, marbit_many_paths,
          nicolae_yredelemnul_ghost_church, uniq_crazy_yiuf_cottage

Skill      XL: |  1  2  3  4  5  6  7 |
---------------+----------------------+-----
Spellcasting   | 5 |  5.7
Stealth        | 6 |  6.5
Fighting       | 1 2 |  2.6
Long Blades    | 1 2 |  2.6
Axes           | 1 2 |  2.6
Maces & Flails | 1 2 |  2.6
Polearms       | 1 2 |  2.6
Staves         | 1 2 |  2.6
Slings         | 1 2 |  2.6
Bows           | 1 2 |  2.6
Crossbows      | 1 2 |  2.6
Throwing       | 1 2 |  2.6
Armour         | 1 2 |  2.6
Shields        | 1 2 |  2.6
Unarmed Combat | 1 2 |  2.6
Invocations    | 1 2 |  2.9
Evocations     | 1 2 |  2.6
Conjurations   | 1 2 |  2.1
Summonings     | 1 2 |  2.1
Necromancy     | 1 2 |  2.1
Translocations | 1 2 |  2.1
Transmutations | 1 2 |  2.1
Fire Magic     | 1 2 |  2.1
Ice Magic      | 1 2 |  2.1
Air Magic      | 1 2 |  2.1
Earth Magic    | 1 2 |  2.1
Poison Magic   | 1 2 |  2.1
Short Blades   | 3 |  3.7
Dodging        | 5 |  5.3
Hexes          | |  5.9

Action                   |  1- 3 |  4- 6 |  7- 9 || total
-------------------------+-------+-------+-------++-------
Melee: Dagger            |    79 |   157 |    61 ||   297
       Bite              |     4 |    10 |     5 ||    19
       Punch             |       |     2 |       ||     2
 Cast: Ensorcelled Hiber |     4 |    35 |    12 ||    51
       Tukima's Dance    |     1 |       |       ||     1
  Use: Potion            |     1 |     3 |       ||     4
       Scroll            |     5 |     6 |       ||    11
 Stab: Sleeping          |    12 |    33 |     6 ||    51
       Distracted        |       |     1 |       ||     1
Armor: Robe              |    10 |    16 |     7 ||    33
Dodge: Dodged            |    51 |    87 |    26 ||   164
